 Dungeon Crawl Stone Soup version 0.30-a0-867-g305f33218d (webtiles) character file.

Game seed: 7724811552404253982

48 spaztic the Chopper (level 3, -1/33 HPs)
             Began as a Hill Orc Fighter on Mar 10, 2023.
             Succumbed to a kobold's poison
             ... on level 3 of the Dungeon.
             The game lasted 00:02:40 (793 turns).

spaztic the Chopper (Hill Orc Fighter)               Turns: 793, Time: 00:02:41

Health: -1/33      AC:  6    Str: 20    XL:     3   Next: 72%
Magic:  3/3        EV:  9    Int:  8    God:
Gold:   35         SH:  4    Dex: 10    Spells: 2/2 levels left

rFire   . . .      SeeInvis .    a - +0 war axe
rCold   . . .      Faith    .    c - +0 buckler
rNeg    . . .      Spirit   .    b - +0 scale mail
rPois   .          Reflect  .    (no helmet)
rElec   .          Rampage  .    (no cloak)
rCorr   .                        (no gloves)
Will    .....                    (no boots) Stlth
                                 (no amulet)
HPRegen 0.25/turn                (no ring)
MPRegen 0.08/turn                (no ring)

@: lethally poisoned (-1 -> -22), hasted, very quick
A: no striking features
a: no special abilities


You were on level 3 of the Dungeon.
You visited 1 branch of the dungeon, and saw 3 of its levels.

You collected 35 gold pieces.

Inventory:

Hand Weapons
 a - a +0 war axe (weapon)
Armour
 b - a +0 scale mail (worn)
 c - a +0 buckler (worn)
Jewellery
 o - a ring of positive energy
Scrolls
 e - a scroll of enchant weapon {unknown}
 g - 2 scrolls of teleportation {unknown}
 h - 2 scrolls of identify {unknown}
 i - a scroll of brand weapon {unknown}
 k - a scroll of vulnerability {unknown}
Potions
 d - a potion of might
 j - a potion of magic {unknown}
 l - a potion of brilliance {unknown}
 m - a potion of attraction {unknown}
 n - a potion of lignification {unknown}


   Skills:
 + Level 4.1 Fighting
 * Level 4.7 Axes
 - Level 3.3 Armour
 - Level 3.3 Shields


You had 2 spell levels left.
You didn't know any spells.
Your spell library contained the following spells:

 Spells                   Type           Power      Damage    Failure   Level
 Blink                    Tloc           0%         N/A       94%         2
 Lesser Beckoning         Tloc           0%         N/A       94%         2
 Momentum Strike          Conj/Tloc      0%         3d8       94%         2


Dungeon Overview and Level Annotations

Branches:
Dungeon (3/15)

Altars:

Shops:
D:3 [


Message History

You kill the adder!
You feel sick. You block the orc's attack. The orc hits you but does no damage.
You feel sick. The orc hits you but does no damage.
You see here an adder corpse.
You barely miss the orc.
You feel sick. You block the orc's attack.
You hit the orc but do no damage.
You feel sick.
You are no longer poisoned.
The orc hits you with a +0 trident.
You slash the orc!
You kill the orc!
The kobold closely misses you.
You hit the kobold but do no damage. The kobold hits you but does no damage.
You hit the kobold.
You kill the kobold!
The kobold throws a poisoned dart.
The poisoned dart hits you.
You are poisoned.
You closely miss something.
You feel sick.
The kobold throws a poisoned dart.
You block the poisoned dart. You block something's attack. Something hits you.
You are more poisoned.
You closely miss something.
You feel very sick.
The kobold throws a poisoned dart.
The poisoned dart misses you. Something hits you but does no damage.
You are lethally poisoned!
You miss something.
* * * LOW HITPOINT WARNING * * *
You feel very sick. Something hits you.
* * * LOW HITPOINT WARNING * * *
You are more poisoned.
You miss something.
* * * LOW HITPOINT WARNING * * *
You feel very sick.
The kobold throws a poisoned dart.
The poisoned dart hits you!
You are more poisoned.
Something completely misses you.
You hear some strange, mumbled words.
Something tries to affect you, but you resist.
It was a potion of haste.
You feel yourself speed up.
You die...

#.....# #######.# #.....#
#.####### #.....# #........ .
#.....# #........
....##o...K##########........
.....'.)(............>...†...
S..≈≈≈≈.....#Ko...............
...≈........#{########........
...≈≈≈≈.....#@#.........######
?....##.....#.#.#####...#
..### #.....#.#.#.......# #
#.....#..8.∩.<.8..#
.<..#.#.....###...# #.....#
#.#.# #...^.#...#+#
#.......... #.#<..#...(


You could see an orc and a kobold.

Vanquished Creatures
  A gnoll (D:1)
  An adder (D:3)
  2 orcs (D:3)
  An endoplasm (D:1)
  A giant cockroach (D:1)
  2 goblins (D:1)
  3 hobgoblins
  2 jackals (D:1)
  A quokka (D:1)
  2 ball pythons
  A bat (D:1)
  4 frilled lizards
  4 kobolds
  A rat (D:1)
26 creatures vanquished.

Notes
Turn   | Place    | Note
-------+----------+-------------------------------------------
     0 | D:1      | spaztic the Hill Orc Fighter began the quest for the Orb.
     0 | D:1      | Reached XP level 1. HP: 19/19 MP: 1/1
   234 | D:1      | Reached XP level 2. HP: 19/27 MP: 2/2
   429 | D:1      | Reached XP level 3. HP: 16/33 MP: 3/3
   710 | D:3      | Found Tanoy's Antique Armour Shoppe.
   793 | D:3      | Succumbed to a kobold's poison

Illustrated notes

Levels and vault maps discovered:
D:1:      dpeg_arrival_radiant, layout_loops_ring
D:2:      layout_loops_ring, serial_park_tiny_2, kennysheep_doodads
D:3:      layout_basic, nicolae_qazlal_general_emergency, xom_butterflies,
          hellmonk_ecumenical_altar_lost_god, portal_sewer_entry_e,
          serial_shops, shop_statue, gammafunk_ghost_cemetery,
          chequers_serial_rivers_micro_d

Skill      XL: |  1  2 |
---------------+-------+-----
Axes           | 3 4 |  4.7
Fighting       | 4 |  4.1
Armour         | |  3.3
Shields        | |  3.3

Action                     || total
---------------------------++-------
  Melee: War axe           ||    66
    Use: Potion            ||     1
 Armour: Scale mail        ||    35
  Dodge: Dodged            ||    32
  Block: Buckler           ||    12

Table legend: (Time is in decaauts)
 A = Elapsed time spent in this place.
 B = Non-inter-level travel time spent in this place.
 C = Inter-level travel time spent in this place.
 D = Time resting spent in this place.
 E = Time spent auto-exploring this place.
 F = Levels seen in this place.
 G = Mean time per level.
                   A        B        C        D        E       F      G
               +--------+--------+--------+--------+--------+-----+--------+
         Total |    816 |    795 |     21 |     65 |    503 |   3 |  272.0 |
       Dungeon |    816 |    795 |     21 |     65 |    503 |   3 |  272.0 |
               +--------+--------+--------+--------+--------+-----+--------+

Top non-repeatable levels by time:
     D:1: 714 daAuts
     D:3: 89 daAuts
     D:2: 12 daAuts
